 Dungeon Crawl Stone Soup version 0.27-a0-1312-g5cdb2b3542 (webtiles) character file.

Game seed: 602147794958045794

812 sanka the Skirmisher (level 7, -6/51 HPs)
             Began as an Octopode Monk on June 20, 2021.
             Succumbed to a water moccasin's poison
             ... on level 5 of the Dungeon.
             The game lasted 00:08:41 (7450 turns).

sanka the Skirmisher (Octopode Monk)                Turns: 7450, Time: 00:08:42

Health: -6/51      AC:  1    Str: 10    XL:     7   Next: 93%
Magic:  7/7        EV: 16    Int: 13    God:
Gold:   217        SH:  0    Dex: 16    Spells: 6/6 levels left

rFire    . . .     SeeInvis .     - Unarmed
rCold    . . .     Faith    .   (no shield)
rNeg     . . .     Spirit   .   (helmet restricted)
rPois    .         Reflect  .   (no amulet)
rElec    .         Harm     .   (no ring)
rCorr    .         Rampage  .   (no ring)
Will     .....                  (no ring)
Stlth    +++.......             (no ring)
HPRegen  0.17/turn              (no ring)
MPRegen  0.10/turn              (no ring)
                                (no ring)
                                (no ring)

@: lethally poisoned (-6 -> -41)
A: almost no armour, amphibious, 8 rings, camouflage 1, gelatinous body 1,
(nimble swimmer 1), tentacles
a: no special abilities


You were on level 5 of the Dungeon.
You visited 1 branch of the dungeon, and saw 5 of its levels.

You collected 217 gold pieces.


Innate Abilities, Weirdness & Mutations

You cannot wear most types of armour.
You are amphibious.
You can wear up to eight rings at the same time.
Your skin changes colour to match your surroundings (Stealth+).
Your rubbery body absorbs attacks. (AC +1, EV +1)
((You are camouflaged near water. (Stealth+)))
You have tentacles for arms and can constrict up to eight enemies at once.


   Skills:
 + Level 5.8 Fighting
 + Level 5.8 Dodging
 - Level 2.6 Stealth
 + Level 5.7 Unarmed Combat


You had 6 spell levels left.
You didn't know any spells.
Your spell library contained the following spells:

 Spells                   Type           Power      Damage    Failure   Level
 Magic Dart               Conj           0%         1d3       30%         1
 Blink                    Tloc           N/A        N/A       43%         2
 Call Imp                 Summ           0%         N/A       43%         2
 Slow                     Hex            0%         N/A       43%         2
 Conjure Flame            Conj/Fire      0%         6-21      67%         3
 Mephitic Cloud           Conj/Pois/Air  0%         N/A       67%         3

Inventory:

Missiles
 i - 3 throwing nets (quivered) {=f}
Magical Staves
 a - a staff of fire
Jewellery
 f - a ring of ice
 j - a ring of fire
Wands
 m - a wand of mindburst (13)
Scrolls
 d - 2 scrolls of summoning
 l - 2 scrolls of teleportation {unknown}
 n - 2 scrolls of amnesia
 o - a scroll of enchant weapon {unknown}
 p - a scroll of magic mapping {unknown}
Potions
 c - 5 potions of curing {unknown}
 g - a potion of magic {unknown}
 h - a potion of attraction {unknown}
 k - a potion of heal wounds {unknown}
 q - a potion of haste {unknown}

Dungeon Overview and Level Annotations

Branches:
Dungeon (5/15)
 Temple: D:4-7

Altars:
Uskayaw
Wu Jian
Zin

Shops:
D:3 = D:4

?
♣▒.....▒▒.......▒
........▒▒.......▒
.♣▒..........▒▒▒▒▒
▒.▒▒▒▒.....▒
▒..........▒
▒.▒.........▒
▒.▒...(.....▒
▒.▒?..>.....▒
▒.▒x▒▒▒▒▒▒▒▒▒
▒S.......▒
▒▒.Z.....▒
▒.......▒
▒.......▒
▒.......▒
▒.......▒
▒l.....<▒
▒▒▒▒▒▒▒▒▒


You could see a water moccasin, an iguana (asleep) and a wyvern skeleton.


Message History

You constrict the water moccasin. The water moccasin bites you!
You are poisoned.
The water moccasin poisons you! The wyvern skeleton misses you.
The water moccasin bites you!
You are more poisoned.
The water moccasin poisons you!
You bludgeon the water moccasin!
The water moccasin is heavily wounded.
You constrict the water moccasin.
You feel extremely sick. The wyvern skeleton misses you.
The water moccasin bites you. The wyvern skeleton bites you!
* * * LOW HITPOINT WARNING * * *
Unknown command.
You tentacle-slap the water moccasin. You squeeze the water moccasin.
The water moccasin is severely wounded.
You constrict the water moccasin.
* * * LOW HITPOINT WARNING * * *
You feel very sick. The water moccasin bites you.
* * * LOW HITPOINT WARNING * * *
You are more poisoned.
The water moccasin poisons you! The wyvern skeleton barely misses you.
You release your grip on the water moccasin.
You die...

Action                   |  1- 3 |  4- 6 |  7- 9 || total
-------------------------+-------+-------+-------++-------
Melee: Unarmed           |    62 |   156 |    84 ||   302
       Constrict         |    15 |    40 |    24 ||    79
       Tentacles         |    10 |    31 |    13 ||    54
       Punch             |     2 |     5 |     5 ||    12
Evoke: Wand              |       |       |     1 ||     1
  Use: Scroll            |       |       |     3 ||     3
 Stab: Sleeping          |    10 |     7 |     2 ||    19
Armor: Skin              |     5 |     2 |     4 ||    11
Dodge: Dodged            |    35 |   112 |    55 ||   202

Levels and vault maps discovered:
D:1:      giann_horns, layout_basic, hellmonk_ecumenical_altar_inner_sanctum
D:2:      layout_rooms, serial_glass, glass_columns_a, glass_columns_c,
          minmay_tiny_reverse_x
D:3:      layout_loops_ring, nzn_wu_jian_council_hall,
          nicolae_uskayaw_murder_on_the_dancefloor, serial_shops, shop,
          kennysheep_crisscross, uniq_sigmund, uniq_robin
D:4:      layout_cave_pods, zin_scriptorium, serial_shops,
          nicolae_inconvenience_store, uniq_natasha
D:5:      kb_forest_paths, layout_basic, uniq_ijyb

Notes
Turn   | Place    | Note
-------+----------+-------------------------------------------
     0 | D:1      | sanka the Octopode Monk began the quest for the Orb.
     0 | D:1      | Reached XP level 1. HP: 16/16 MP: 1/1
   363 | D:1      | Reached XP level 2. HP: 17/21 MP: 2/2
  1070 | D:1      | Found a faded altar of an unknown god.
  1264 | D:2      | Reached XP level 3. HP: 19/26 MP: 3/3
  1697 | D:2      | Reached XP level 4. HP: 22/33 MP: 4/4
  2564 | D:2      | Reached skill level 4 in Fighting
  2564 | D:2      | Reached skill level 4 in Dodging
  2572 | D:2      | Reached skill level 4 in Unarmed Combat
  2572 | D:2      | Reached XP level 5. HP: 10/37 MP: 5/5
  3296 | D:3      | Noticed Sigmund
  3307 | D:3      | Killed Sigmund
  3308 | D:3      | Reached XP level 6. HP: 27/44 MP: 6/6
  3556 | D:3      | Found Irurrem's Jewellery Shop.
  3623 | D:3      | Found an ornate altar of the Wu Jian Council.
  3807 | D:3      | Noticed Robin
  3838 | D:3      | Killed Robin
  4275 | D:3      | Found a hide-covered altar of Uskayaw.
  4755 | D:4      | Found Isatik's Magic Scroll Shop.
  4941 | D:4      | Noticed Natasha
  4948 | D:4      | Killed Natasha
  4949 | D:4      | Reached skill level 5 in Fighting
  4949 | D:4      | Reached skill level 5 in Dodging
  4955 | D:4      | Reached skill level 5 in Unarmed Combat
  4955 | D:4      | Reached XP level 7. HP: 39/50 MP: 7/7
  4982 | D:4      | Noticed Natasha
  4988 | D:4      | Killed Natasha
  5661 | D:4      | Noticed Natasha
  5673 | D:4      | Killed Natasha
  6077 | D:4      | Found a glowing silver altar of Zin.
  6967 | D:5      | Entered Level 5 of the Dungeon
  6967 | D:5      | Noticed Ijyb
  6979 | D:5      | Killed Ijyb
  7018 | D:4      | HP: 5/51 [ice beast (10)]
  7449 | D:5      | HP: 5/51 [poisoned by a water moccasin]
  7449 | D:5      | HP: 2/51 [water moccasin (3)]
  7450 | D:5      | Succumbed to a water moccasin's poison

Vanquished Creatures
  Sigmund (D:3)
  A necrophage (D:4)
  2 jellies (D:4)
  2 orc priests (D:4)
  Ijyb (D:5)
  2 orc wizards (D:4)
  Natasha (thrice) (D:4)
  A hound skeleton (D:4)
  Robin (D:3)
  8 gnolls
  8 adders
  2 adder skeletons (D:4)
  2 dart slugs (D:2)
  16 orcs
  10 endoplasms
  7 giant cockroaches
  8 hobgoblins
  3 jackals (D:3)
  7 kobolds
  7 quokkas
  7 ball pythons
  5 bats
  4 frilled lizards
  14 goblins
  4 rats
126 creatures vanquished.
